 Dungeon Crawl Stone Soup version 0.23.2-30-g0e89c35649 (webtiles) character file.

Game seed: 15068352197279927420

135 Descartes the Sneak (level 5, -3/24 HPs)
             Began as a Vine Stalker Enchanter on June 8, 2019.
             Was an Initiate of Dithmenos.
             Blown up by Ijyb (17 damage)
             ... with a wand of disintegration (9)
             ... on level 3 of the Dungeon.
             The game lasted 00:07:50 (2197 turns).

Descartes the Sneak (Vine Stalker Enchanter)        Turns: 2197, Time: 00:07:51

Health: -3/24      AC:  4    Str: 10    XL:     5   Next: 18%
Magic:  0/9        EV: 16    Int: 15    God:    Dithmenos [......]
Gold:   100        SH:  0    Dex: 16    Spells: 8/9 levels left

rFire    . . .     SeeInvis .   a - +1 dagger
rCold    . . .     Gourm    .   (no shield)
rNeg     . . .     Faith    .   b - +0 robe
rPois    .         Spirit   +   o - +0 helmet
rElec    .         Reflect  .   f - +0 cloak
rCorr    .         Harm     .   (no gloves)
MR       .....                  (no boots)
Stlth    +++.......             (no amulet)
HPRegen  0.48/turn              e - +3 ring of evasion
MPRegen  0.11/turn              (no ring)

@: no status effects
A: fangs 2, regeneration 1, magic shield, antimagic bite, no potion heal 3, rot
immunity
a: Renounce Religion


You were on level 3 of the Dungeon.
You worshipped Dithmenos.
Dithmenos was noncommittal.
You were not hungry.

You visited 1 branch of the dungeon, and saw 3 of its levels.

You collected 100 gold pieces.

Inventory:

Hand Weapons
 a - a +1 dagger (weapon)
 q - a +4 quarterstaff of chaos
Armour
 b - a +0 robe (worn)
 f - a +0 cloak (worn)
 m - a +3 chain mail
 o - a +0 helmet (worn)
Jewellery
 c - an uncursed ring of see invisible
 e - a +3 ring of evasion (left hand)
Scrolls
 g - a scroll of blinking {unknown}
 l - a scroll of immolation
 n - a scroll of teleportation {unknown}
Potions
 h - 2 potions of curing
 i - a potion of heal wounds
 j - a potion of cancellation
Comestibles
 d - 5 rations
 p - 5 chunks of flesh


   Skills:
 + Level 1.6 Short Blades
 * Level 2.5 Dodging
 * Level 4.9 Stealth
 + Level 1.2 Unarmed Combat
 + Level 2.6 Spellcasting
 + Level 3.5 Hexes


You had 8 spell levels left.
You knew the following spells:

 Your Spells              Type           Power        Failure   Level  Hunger
a - Corona                Hex            ##.....      4%          1    #......

Your spell library contained the following spells:

 Spells                   Type           Power        Failure   Level  Hunger
 Ensorcelled Hibernation  Hex/Ice        #.....       16%         2    ###....
 Confuse                  Hex            ##......     16%         3    ###....
 Tukima's Dance           Hex            ##......     16%         3    ###....
 Dazzling Spray           Conj/Hex       #.....       30%         3    ###....


Dungeon Overview and Level Annotations

Branches:
Dungeon (3/15)

Altars:
Dithmenos
Hepliaklqana

Annotations:
D:3 Ijyb


Innate Abilities, Weirdness & Mutations

You have extremely sharp teeth.
Your natural rate of healing is unusually fast.
When hurt, damage is shared between your health and your magic reserves.
Your bite disrupts and absorbs the magic of your enemies.
Potions cannot restore your health.
You are immune to rotting.


Message History

A rat and Ijyb come into view.
The hobgoblin shouts!
Ijyb shouts!
Ijyb screams, "Me very upset!"
The rat misses you.
You hit the rat.
You kill the rat!
Dithmenos accepts your kill.
Ijyb zaps a wand.
You struggle to resist.
Ijyb zaps a wand.
You struggle to resist.
You barely miss the rat.
Ijyb zaps a wand.
You are blasted!
The rat bites you but does no damage.
You closely miss the rat.
Ijyb zaps a wand.
You are blasted!
The rat bites you.
You hit the rat.
You kill the rat!
Dithmenos accepts your kill. Ijyb completely misses you.
You closely miss Ijyb. You bite Ijyb, but do no damage.
Ijyb zaps a wand.
You are blasted!
Ouch! That really hurt!
You die...

... .. ##
#.########.# ..
....#......#
########.#.#......#
..(...##.#.#......#
#####....#.#......#
#........#....†.#
#.....†..#.....##
#.......#.....@.#
#.......#.....gg#
#.......#.........
#.......#######....#
+.......# ..#.#
#.......# ..#.#
#.......# #.# #
#.......# .#


You could see Ijyb and a hobgoblin.

Vanquished Creatures
  Crazy Yiuf (D:2)
  Robin (D:1)
  3 gnolls
  2 worms
  A dart slug (D:3)
  2 leopard geckos (D:1)
  6 bats
  3 giant cockroaches
  13 goblins
  9 hobgoblins
  A ball python (D:1)
  A frilled lizard (D:2)
  6 kobolds
  7 rats
56 creatures vanquished.

Notes
Turn   | Place    | Note
-------+----------+-------------------------------------------
     0 | D:1      | Descartes the Vine Stalker Enchanter began the quest for
                  | the Orb.
     0 | D:1      | Reached XP level 1. HP: 9/9 MP: 4/4
   164 | D:1      | Reached skill level 1 in Short Blades
   199 | D:1      | Reached XP level 2. HP: 10/13 MP: 6/6
   418 | D:1      | Reached skill level 4 in Stealth
   814 | D:2      | Reached XP level 3. HP: 16/16 MP: 7/7
   852 | D:2      | Found a hazy altar of Hepliaklqana.
  1047 | D:2      | Found a shadowy altar of Dithmenos.
  1056 | D:2      | Became a worshipper of Dithmenos the Shadowed
  1282 | D:2      | Noticed Robin
  1324 | D:1      | Killed Robin
  1526 | D:1      | Gained mutation: Your natural rate of healing is unusually
                  | fast. [Vine Stalker growth]
  1526 | D:1      | Reached XP level 4. HP: 21/21 MP: 8/8
  1733 | D:2      | Reached skill level 1 in Unarmed Combat
  1939 | D:2      | Found a runed translucent door.
  1940 | D:2      | Noticed Crazy Yiuf
  1997 | D:2      | Killed Crazy Yiuf
  1997 | D:2      | Reached XP level 5. HP: 24/24 MP: 9/9
  2188 | D:3      | Noticed Ijyb
  2197 | D:3      | Blown up by Ijyb

Skill      XL: |  1  2  3  4 |
---------------+-------------+-----
Short Blades   | 1 |  1.6
Stealth        | 4 |  4.9
Dodging        | 2 |  2.5
Unarmed Combat | 1 |  1.2
Spellcasting   | |  2.6
Hexes          | |  3.5

Action                   |  1- 3 |  4- 6 || total
-------------------------+-------+-------++-------
Melee: Dagger            |   104 |    71 ||   175
       Bite              |    21 |    18 ||    39
       Punch             |     1 |       ||     1
  Use: Scroll            |       |     5 ||     5
 Stab: Sleeping          |    12 |     4 ||    16
  Eat: Chunk             |     2 |     2 ||     4
Armor: Robe              |    13 |     7 ||    20
Dodge: Dodged            |    80 |    47 ||   127
